TOP OF THE 1ST |
Kalamazoo Royale with Cheese batting - Pitching for Springfield Stars : LHP Anthony Erickson
|
Pitching: LHP Anthony Erickson
|
|
Batting: LHB Tom Blake
|
0-0: Called Strike 0-1: Ball 1-1: Called Strike 1-2: Ball 2-2: SINGLE (Line Drive, 7S)
|
Batting: LHB Doyle Otterburn
|
0-0: Called Strike 0-1: Foul Ball, location: 2F 0-2: Ball 1-2: Ball 2-2: Ball 3-2: SINGLE (Groundball, 56D) Tom Blake to second
|
Batting: RHB Andy Aiton
|
0-0: Fly out, F8 (Flyball, 8LM)
|
Batting: LHB Donovan Bird
|
0-0: Ball Passed Ball! Tom Blake to third Doyle Otterburn to second 1-0: Called Strike 1-1: Foul Ball, location: 2F 1-2: Ball 2-2: Strikes out looking
|
Batting: RHB Miguel Encarnación
|
0-0: Foul Ball, location: 2F 0-1: Swinging Strike 0-2: Strikes out swinging
|
Top of the 1st over - 0 run(s), 2 hit(s), 0 error(s), 2 left on base; Kalamazoo 0 - Springfield 0 |
BOTTOM OF THE 1ST |
Springfield Stars batting - Pitching for Kalamazoo Royale with Cheese : RHP Jason Taylor
|
Pitching: RHP Jason Taylor
|
|
Batting: RHB Norberto Taváres
|
0-0: Ball 1-0: Foul Ball, location: 2F 1-1: SINGLE (Line Drive, 4D)
|
Batting: RHB Calvin Bennett
|
0-0: Swinging Strike 0-1: Ball Wild Pitch! Norberto Taváres to second 1-1: Foul Ball, location: 2F 1-2: Foul Ball, location: 2F 1-2: Fly out, F9 (Flyball, 9)
|
Batting: SHB Shane Hutchinson
|
0-0: SINGLE (Groundball, 56D) Norberto Taváres to third
|
Batting: LHB Felipe Guerrero
|
0-0: Ball Wild Pitch! Norberto Taváres scores Shane Hutchinson to second 1-0: Called Strike 1-1: Foul Ball, location: 2F 1-2: Foul Ball, location: 2F 1-2: Ball 2-2: Ball 3-2: Foul Ball, location: 2F 3-2: Foul Ball, location: 2F 3-2: Strikes out looking
|
Batting: LHB Elliott Newell
|
0-0: Ball 1-0: Ball 2-0: Ball 3-0: Called Strike 3-1: Base on Balls
|
Batting: LHB Jesús Tobías
|
0-0: SINGLE (Line Drive, 89S) Shane Hutchinson to third Elliott Newell to second Runner from 3rd tries for Home, SAFE, no throw
|
Batting: RHB Juan Carlos Rodríguez
|
0-0: Called Strike 0-1: Ball 1-1: Fielders Choice at 2nd, 5-4 (Groundball, 5)
|
Bottom of the 1st over - 2 run(s), 3 hit(s), 0 error(s), 1 left on base; Kalamazoo 0 - Springfield 2 |
TOP OF THE 2ND |
Kalamazoo Royale with Cheese batting - Pitching for Springfield Stars : LHP Anthony Erickson
|
Batting: RHB Greg Handrahan
|
0-0: Fly out, F8 (Flyball, 8LD)
|
Batting: LHB Greg Schultz
|
0-0: Ground out 5-3 (Groundball, 5S)
|
Batting: RHB Jorge Márquez
|
0-0: Ground out 5-3 (Groundball, 2L)
|
Top of the 2nd over - 0 run(s), 0 hit(s), 0 error(s), 0 left on base; Kalamazoo 0 - Springfield 2 |
BOTTOM OF THE 2ND |
Springfield Stars batting - Pitching for Kalamazoo Royale with Cheese : RHP Jason Taylor
|
Batting: LHB Ryan Drake
|
0-0: Ball 1-0: Called Strike 1-1: Ground out U3 (Groundball, 3)
|
Batting: RHB Will Sterling
|
0-0: Hit by Pitch
|
Batting: RHB Norberto Taváres
|
0-0: Ball 1-0: Ball 2-0: Called Strike 2-1: Ball 3-1: Called Strike 3-2: Base on Balls Will Sterling to second
|
Batting: RHB Calvin Bennett
|
0-0: Ball 1-0: Swinging Strike 1-1: Fly out, F7 (Flyball, 7)
|
Batting: SHB Shane Hutchinson
|
0-0: Fly out, F8 (Flyball, 8RS)
|
Bottom of the 2nd over - 0 run(s), 0 hit(s), 0 error(s), 2 left on base; Kalamazoo 0 - Springfield 2 |
TOP OF THE 3RD |
Kalamazoo Royale with Cheese batting - Pitching for Springfield Stars : LHP Anthony Erickson
|
Batting: RHB Pedro Rosado
|
0-0: Ball 1-0: Ball 2-0: Called Strike 2-1: Ball 3-1: Called Strike 3-2: Ground out U3 (Groundball, 34)
|
Batting: LHB Tom Blake
|
0-0: Ball 1-0: Ball 2-0: Called Strike 2-1: Foul Ball, location: 2F 2-2: Foul Ball, location: 2F 2-2: Ground out 4-3 (Groundball, 34D)
|
Batting: LHB Doyle Otterburn
|
0-0: Fly out, F9 (Flyball, 9LM)
|
Top of the 3rd over - 0 run(s), 0 hit(s), 0 error(s), 0 left on base; Kalamazoo 0 - Springfield 2 |
BOTTOM OF THE 3RD |
Springfield Stars batting - Pitching for Kalamazoo Royale with Cheese : RHP Jason Taylor
|
Batting: LHB Felipe Guerrero
|
0-0: Called Strike 0-1: Ball 1-1: DOUBLE (Line Drive, 7LS)
|
Batting: LHB Elliott Newell
|
0-0: Ball 1-0: Ball 2-0: Foul Ball, location: 2F 2-1: Ball 3-1: Swinging Strike 3-2: Foul Ball, location: 2F 3-2: Ground out 6-3 (Groundball, 6M) Felipe Guerrero to third
|
Batting: LHB Jesús Tobías
|
0-0: Ground out 3-1 (Groundball, 34) Felipe Guerrero scores
|
Batting: RHB Juan Carlos Rodríguez
|
0-0: Called Strike 0-1: Swinging Strike 0-2: Ball 1-2: Foul Ball, location: 2F 1-2: Fly out, F8 (Flyball, 8LM)
|
Bottom of the 3rd over - 1 run(s), 1 hit(s), 0 error(s), 0 left on base; Kalamazoo 0 - Springfield 3 |
TOP OF THE 4TH |
Kalamazoo Royale with Cheese batting - Pitching for Springfield Stars : LHP Anthony Erickson
|
Batting: RHB Andy Aiton
|
0-0: Swinging Strike 0-1: Called Strike 0-2: Strikes out swinging
|
Batting: LHB Donovan Bird
|
0-0: Called Strike 0-1: Ball 1-1: Foul Ball, location: 2F 1-2: Strikes out swinging
|
Batting: RHB Miguel Encarnación
|
0-0: Ball 1-0: Fly out, F3 (Popup, 34)
|
Top of the 4th over - 0 run(s), 0 hit(s), 0 error(s), 0 left on base; Kalamazoo 0 - Springfield 3 |
BOTTOM OF THE 4TH |
Springfield Stars batting - Pitching for Kalamazoo Royale with Cheese : RHP Jason Taylor
|
Batting: LHB Ryan Drake
|
0-0: Ball 1-0: Ball 2-0: Foul Ball, location: 2F 2-1: Foul Ball, location: 2F 2-2: Strikes out swinging
|
Batting: RHB Will Sterling
|
0-0: Ball 1-0: Ball 2-0: Called Strike 2-1: SINGLE (Groundball, 4MD)
|
Batting: RHB Norberto Taváres
|
0-0: Called Strike Will Sterling steals 2nd base 0-1: Fly out, F8 (Flyball, 89S)
|
Batting: RHB Calvin Bennett
|
0-0: Fly out, F8 (Flyball, 8LM)
|
Bottom of the 4th over - 0 run(s), 1 hit(s), 0 error(s), 1 left on base; Kalamazoo 0 - Springfield 3 |
TOP OF THE 5TH |
Kalamazoo Royale with Cheese batting - Pitching for Springfield Stars : LHP Anthony Erickson
|
Batting: RHB Greg Handrahan
|
0-0: Called Strike 0-1: Ball 1-1: Ball 2-1: Ground out 6-3 (Groundball, 6)
|
Batting: LHB Greg Schultz
|
0-0: Foul Ball, location: 2F 0-1: Fly out, F5 (Popup, 56)
|
Batting: RHB Jorge Márquez
|
0-0: Called Strike 0-1: Called Strike 0-2: SINGLE (Line Drive, 9S)
|
Batting: RHB Pedro Rosado
|
0-0: Called Strike 0-1: Ball 1-1: Called Strike 1-2: Ball Jorge Márquez is caught stealing 2nd base
|
Top of the 5th over - 0 run(s), 1 hit(s), 0 error(s), 0 left on base; Kalamazoo 0 - Springfield 3 |
BOTTOM OF THE 5TH |
Springfield Stars batting - Pitching for Kalamazoo Royale with Cheese : RHP Jason Taylor
|
Batting: SHB Shane Hutchinson
|
0-0: Foul Ball, location: 2F 0-1: Ball 1-1: Called Strike 1-2: SINGLE (Groundball, 34D)
|
Batting: LHB Felipe Guerrero
|
0-0: Ball 1-0: Called Strike 1-1: Ball 2-1: Called Strike 2-2: Foul Ball, location: 2F 2-2: Fly out, F6 (Popup, 6)
|
Batting: LHB Elliott Newell
|
0-0: Ball Shane Hutchinson steals 2nd base 1-0: Intentional Walk
|
Batting: LHB Jesús Tobías
|
0-0: Ball 1-0: Ball 2-0: Fielders Choice at 2nd, 3-6 (Groundball, 34) Shane Hutchinson to third
|
Batting: RHB Juan Carlos Rodríguez
|
0-0: Ball 1-0: Ball 2-0: Ground out 1-3 (Groundball, 13)
|
Bottom of the 5th over - 0 run(s), 1 hit(s), 0 error(s), 2 left on base; Kalamazoo 0 - Springfield 3 |
TOP OF THE 6TH |
Kalamazoo Royale with Cheese batting - Pitching for Springfield Stars : LHP Anthony Erickson
|
Batting: RHB Pedro Rosado
|
0-0: Called Strike 0-1: Foul Ball, location: 2F 0-2: Ball 1-2: Ground out 6-3 (Groundball, 6S)
|
Batting: LHB Tom Blake
|
0-0: Ball 1-0: Swinging Strike 1-1: Ball 2-1: Ground out 6-3 (Groundball, 56)
|
Batting: LHB Doyle Otterburn
|
0-0: Ball 1-0: Called Strike 1-1: Foul Ball, location: 2F 1-2: Strikes out swinging
|
Top of the 6th over - 0 run(s), 0 hit(s), 0 error(s), 0 left on base; Kalamazoo 0 - Springfield 3 |
BOTTOM OF THE 6TH |
Springfield Stars batting - Pitching for Kalamazoo Royale with Cheese : RHP Jason Taylor
|
Batting: LHB Ryan Drake
|
0-0: SINGLE (Groundball, 34D)
|
Batting: RHB Will Sterling
|
0-0: Called Strike Ryan Drake steals 2nd base 0-1: Ball 1-1: Foul Ball, location: 2F 1-2: Ball 2-2: Strikes out looking
|
Batting: RHB Norberto Taváres
|
0-0: Intentional Walk
|
Batting: RHB Calvin Bennett
|
0-0: Foul Ball, location: 2F 0-1: Swinging Strike 0-2: Fly out, F7 (Line Drive, 7)
|
Batting: SHB Shane Hutchinson
|
0-0: Called Strike 0-1: Ball 1-1: Fielders Choice at 2nd, 4-6 (Groundball, 34)
|
Bottom of the 6th over - 0 run(s), 1 hit(s), 0 error(s), 1 left on base; Kalamazoo 0 - Springfield 3 |
TOP OF THE 7TH |
Kalamazoo Royale with Cheese batting - Pitching for Springfield Stars : LHP Anthony Erickson
|
Batting: RHB Andy Aiton
|
0-0: Ball 1-0: Called Strike 1-1: Called Strike 1-2: Foul Ball, location: 2F 1-2: Ground out 3-1 (Groundball, 34)
|
Batting: LHB Donovan Bird
|
0-0: Ball 1-0: Fly out, F7 (Line Drive, 7)
|
Batting: RHB Miguel Encarnación
|
0-0: Called Strike 0-1: Ball 1-1: Ball 2-1: Swinging Strike 2-2: Ground out 5-3 (Groundball, 5)
|
Top of the 7th over - 0 run(s), 0 hit(s), 0 error(s), 0 left on base; Kalamazoo 0 - Springfield 3 |
BOTTOM OF THE 7TH |
Springfield Stars batting - Pitching for Kalamazoo Royale with Cheese : RHP Jason Taylor
|
Pitching: LHP Morgan McDormand
|
|
Batting: LHB Felipe Guerrero
|
0-0: Ball 1-0: Foul Ball, location: 2F 1-1: Foul Ball, location: 2F 1-2: Strikes out swinging
|
Batting: LHB Elliott Newell
|
0-0: Ball 1-0: Swinging Strike 1-1: Foul Ball, location: 2F 1-2: Ball 2-2: Ball 3-2: Ground out 3-1 (Groundball, 34)
|
Batting: LHB Jesús Tobías
|
0-0: Ground out 4-3 (Groundball, 4)
|
Bottom of the 7th over - 0 run(s), 0 hit(s), 0 error(s), 0 left on base; Kalamazoo 0 - Springfield 3 |
TOP OF THE 8TH |
Kalamazoo Royale with Cheese batting - Pitching for Springfield Stars : LHP Anthony Erickson
|
Batting: RHB Greg Handrahan
|
0-0: Ball 1-0: Called Strike 1-1: Ground out 1-3 (Groundball, 13)
|
Batting: LHB Greg Schultz
|
0-0: Foul Ball, location: 2F 0-1: Swinging Strike 0-2: Ball 1-2: Ball 2-2: Strikes out swinging
|
Batting: RHB Jorge Márquez
|
0-0: Foul Ball, location: 2F 0-1: SINGLE (Line Drive, 6M)
|
Batting: RHB Pedro Rosado
|
0-0: Ball 1-0: Foul Ball, location: 2F 1-1: Foul Ball, location: 2F 1-2: Ground out 5-3 (Groundball, 56S)
|
Top of the 8th over - 0 run(s), 1 hit(s), 0 error(s), 1 left on base; Kalamazoo 0 - Springfield 3 |
BOTTOM OF THE 8TH |
Springfield Stars batting - Pitching for Kalamazoo Royale with Cheese : LHP Morgan McDormand
|
Batting: RHB Juan Carlos Rodríguez
|
0-0: SINGLE (Groundball, 4MD)
|
Batting: LHB Ryan Drake
|
Balk! Juan Carlos Rodríguez to second 0-0: Foul Ball, location: 2F 0-1: Called Strike 0-2: Ground out 4-3 (Groundball, 4) Juan Carlos Rodríguez to third
|
Batting: RHB Will Sterling
|
0-0: Ball 1-0: Ball 2-0: Foul Ball, location: 2F 2-1: Foul Ball, location: 2F 2-2: Foul Ball, location: 2F 2-2: Strikes out swinging
|
Batting: RHB Norberto Taváres
|
0-0: Ball 1-0: Ball 2-0: Ball 3-0: Called Strike 3-1: Called Strike 3-2: Base on Balls
|
Batting: RHB Calvin Bennett
|
0-0: Foul Ball, location: 2F 0-1: Ball 1-1: SINGLE (Line Drive, 8LS) Juan Carlos Rodríguez scores Norberto Taváres to second
|
Batting: SHB Shane Hutchinson
|
0-0: Called Strike 0-1: Swinging Strike 0-2: Ball 1-2: Foul Ball, location: 2F 1-2: SINGLE (Groundball, 34D) Norberto Taváres to third Calvin Bennett to second Runner from 3rd tries for Home, SAFE, no throw
|
Batting: LHB Felipe Guerrero
|
0-0: Ball 1-0: Swinging Strike 1-1: Ball 2-1: SINGLE (Groundball, 6D) Calvin Bennett to third Shane Hutchinson to second Runner from 3rd tries for Home, SAFE, no throw
|
Batting: LHB Elliott Newell
|
0-0: Ball 1-0: Ball 2-0: Ball 3-0: Called Strike 3-1: Base on Balls Shane Hutchinson to third Felipe Guerrero to second
|
Batting: LHB Jesús Tobías
|
0-0: Foul Ball, location: 2F 0-1: Fielders Choice at 2nd, U4 (Groundball, 4M)
|
Bottom of the 8th over - 3 run(s), 4 hit(s), 0 error(s), 3 left on base; Kalamazoo 0 - Springfield 6 |
TOP OF THE 9TH |
Kalamazoo Royale with Cheese batting - Pitching for Springfield Stars : LHP Anthony Erickson
|
Pitching: LHP Shan Liu
|
|
Now at SS: Dave Henderson
|
|
Batting: LHB Tom Blake
|
0-0: Foul Ball, location: 2F 0-1: Called Strike 0-2: Ball 1-2: Fly out, F9 (Flyball, 9S)
|
Batting: LHB Doyle Otterburn
|
0-0: Ball 1-0: Ground out 3-1 (Groundball, 34S)
|
Batting: RHB Andy Aiton
|
0-0: Called Strike 0-1: Called Strike 0-2: Strikes out swinging
|
Top of the 9th over - 0 run(s), 0 hit(s), 0 error(s), 0 left on base; Kalamazoo 0 - Springfield 6 |
|